 Dungeon Crawl Stone Soup version 0.19.0-24-gb05acd6 (webtiles) character file.

348 ImaNewbie the Chopper (level 6, 0/47 HPs)
             Began as a Formicid Fighter on Nov 20, 2016.
             Slain by GordonOverkill's ghost (12 damage)
             ... on level 4 of the Dungeon.
             The game lasted 00:04:15 (3457 turns).

ImaNewbie the Chopper (Formicid Fighter)            Turns: 3457, Time: 00:04:16

Health: 0/47       AC:  9    Str: 22    XL:     6   Next: 91%
Magic:  6/6        EV:  8    Int:  8    God:
Gold:   168        SH:  9    Dex: 10    Spells: 0 memorised, 5 levels left

rFire  . . .     SeeInvis +     w - +2 hand axe (pain)
rCold  . . .     Gourm    .     b - +0 scale mail
rNeg   . . .     Faith    .     c - +0 shield
rPois  .         Spirit   .     (helmet unavailable)
rElec  .         Reflect  .     (no cloak)
rCorr  .         Harm     .     q - +0 pair of gloves
MR     .....                    v - +0 pair of boots
Stlth  ..........               (no amulet)
                                (no ring)
                                (no ring)

@: no status effects
A: permanent stasis, dig shafts and tunnels, four strong arms, antennae 3
a: Dig, Shaft Self


You were on level 4 of the Dungeon.
You were hungry.

You visited 1 branch of the dungeon, and saw 4 of its levels.

You collected 168 gold pieces.

Inventory:

Hand Weapons
 a - a +0 war axe
 w - a +2 hand axe of pain (weapon)
Armour
 b - a +0 scale mail (worn)
 c - a +0 shield (worn)
 q - a +0 pair of gloves (worn)
 v - a +0 pair of boots (worn)
Jewellery
 n - an uncursed amulet of the gourmand {unknown}
Scrolls
 h - a scroll of noise {unknown}
 j - a scroll of remove curse {unknown}
 l - a scroll of amnesia {unknown}
 s - a scroll of identify {unknown}
 t - a scroll of enchant weapon {unknown}
Potions
 d - a potion of might
 e - a potion of magic {unknown}
 g - 2 potions of ambrosia {unknown}
 i - 2 potions of curing {unknown}
 k - a potion of resistance {unknown}
 m - a potion of lignification {unknown}
 o - a potion of mutation {unknown}
 x - a potion of heal wounds {unknown}
Books
 u - a book of Cantrips

   Spells                             Type                      Level
   a - Confusing Touch                Hexes                        1
   b - Animate Skeleton               Necromancy                   1
   c - Summon Small Mammal            Summoning                    1
   d - Apportation                    Translocation                1
 y - a book of Geomancy

   Spells                             Type                      Level
   a - Sandblast                      Earth                        1
   b - Passwall                       Transmutation/Earth          2
   c - Stone Arrow                    Conjuration/Earth            3
   d - Petrify                        Transmutation/Earth          4
   e - Lee's Rapid Deconstruction     Earth                        5
Comestibles
 f - 2 bread rations
 p - a royal jelly
 r - a beef jerky


   Skills:
 - Level 3.2 Fighting
 + Level 6.8 Axes
 - Level 3.2 Armour
 - Level 3.6 Shields


You had 5 spell levels left.
You didn't know any spells.

Dungeon Overview and Level Annotations

Branches:
Dungeon (4/15)
 Temple: D:4-7

Altars:
Gozag

Annotations:
D:4 GordonOverkill's ghost, amateur FoFi


Innate Abilities, Weirdness & Mutations

You are under a permanent stasis effect.
You can dig through walls and to a lower floor.
Your four strong arms can wield two-handed weapons with a shield.
You have a pair of large antennae on your head. (SInv)


Message History

You hit GordonOverkill's ghost.
GordonOverkill's ghost is heavily damaged.
GordonOverkill's ghost hits you!
You hit GordonOverkill's ghost.
GordonOverkill's ghost is heavily damaged.
GordonOverkill's ghost hits you but does no damage.
You hit GordonOverkill's ghost but do no damage.
GordonOverkill's ghost is heavily damaged.
GordonOverkill's ghost hits you!
* * * LOW HITPOINT WARNING * * *
You hit GordonOverkill's ghost but do no damage.
GordonOverkill's ghost is heavily damaged.
GordonOverkill's ghost hits you but does no damage.
You hit GordonOverkill's ghost but do no damage.
GordonOverkill's ghost is heavily damaged.
GordonOverkill's ghost hits you but does no damage.
You hit GordonOverkill's ghost.
GordonOverkill's ghost is heavily damaged.
GordonOverkill's ghost hits you!
You die...

#......## ###
#...##..##
..###...###..#
..##.....##..
#.#..........
##.#.......... #
###.............
##.###...............
#..W@...#............
#..######............
#. #............ #
#............
#............
#............ .......


You could see GordonOverkill's ghost.

Vanquished Creatures
  A bullfrog (D:3)
  The ghost of Jesseh the Digger, a weakling GrEE (D:3)
  2 orc priests (D:3)
  Ijyb (D:3)
  2 worker ants (D:3)
  4 adders
  An ooze (D:3)
  A worm (D:4)
  A dart slug (D:3)
  2 orcs (D:3)
  4 giant cockroaches
  4 hobgoblins (D:2)
  2 jackals (D:2)
  4 quokkas
  2 ball pythons (D:3)
  8 bats
  4 frilled lizards
  11 goblins
  10 kobolds
  11 rats
76 creatures vanquished.

Notes
Turn   | Place    | Note
-------+----------+-------------------------------------------
     0 | D:1      | ImaNewbie the Formicid Fighter began the quest for the Orb.
     0 | D:1      | Reached XP level 1. HP: 18/18 MP: 1/1
   163 | D:1      | Reached XP level 2. HP: 24/24 MP: 2/2
   207 | D:1      | Reached skill level 3 in Axes
   523 | D:1      | Reached XP level 3. HP: 29/29 MP: 3/3
  1205 | D:2      | Reached XP level 4. HP: 28/35 MP: 4/4
  1223 | D:2      | Reached skill level 4 in Axes
  1818 | D:3      | Found an opulent altar of Gozag.
  1824 | D:3      | Reached XP level 5. HP: 35/41 MP: 5/5
  1891 | D:3      | Noticed Jesseh's ghost (weakling GrEE)
  1906 | D:3      | Killed Jesseh's ghost
  1906 | D:3      | Reached skill level 5 in Axes
  2043 | D:3      | Reached XP level 6. HP: 8/47 MP: 6/6
  2369 | D:3      | Reached skill level 6 in Axes
  2755 | D:3      | Noticed Ijyb
  2769 | D:3      | Killed Ijyb
  3059 | D:4      | Noticed GordonOverkill's ghost (amateur FoFi)
  3107 | D:3      | HP: 2/47 [worker ant (4)]
  3457 | D:4      | Slain by GordonOverkill's ghost

Skill      XL: |  1  2  3  4  5  6 |
---------------+-------------------+-----
Axes           | 3 4 5 6 |  6.8
Fighting       | |  3.2
Armour         | |  3.2
Shields        | |  3.6

Action                   |  1- 3 |  4- 6 || total
-------------------------+-------+-------++-------
Melee: War axe           |   128 |   143 ||   271
       Hand axe          |       |    53 ||    53
 Abil: Dig               |       |     1 ||     1
  Eat: Chunk             |     1 |     7 ||     8
Armor: Scale mail        |    66 |    63 ||   129
Dodge: Dodged            |    46 |    54 ||   100
Block: Shield            |    78 |    90 ||   168
